 Dungeon Crawl Stone Soup version 0.28.0-45-g0d030f2227 (webtiles) character file.

Game seed: 17363480259645062183

30 pkoi the Chiller (level 2, 0/20 HPs)
             Began as a Demigod Ice Elementalist on Apr 15, 2022.
             Slain by a worm (10 damage)
             ... on level 2 of the Dungeon.
             The game lasted 00:01:35 (1930 turns).

pkoi the Chiller (Demigod Ice Elementalist)         Turns: 1930, Time: 00:01:35

Health: 0/20       AC:  2    Str:  9    XL:     2   Next: 87%
Magic:  5/7        EV: 12    Int: 17    God:
Gold:   111        SH:  0    Dex: 14    Spells: 3/4 levels left

rFire   . . .      SeeInvis .   b - +0 short sword
rCold   . . .      Faith    .   (no shield)
rNeg    . . .      Spirit   .   a - +0 robe
rPois   .          Reflect  .   (no helmet)
rElec   .          Harm     .   (no cloak)
rCorr   .          Rampage  .   (no gloves)
Will    .....                   (no boots)
Stlth   ++........              (no amulet)
HPRegen 0.06/turn               (no ring)
MPRegen 0.10/turn               (no ring)

@: no status effects
A: high MP 1, forlorn, divine attributes
a: no special abilities


You were on level 2 of the Dungeon.
You visited 1 branch of the dungeon, and saw 2 of its levels.

You collected 111 gold pieces.

Inventory:

Hand Weapons
 b - a +0 short sword (weapon)
Armour
 a - a +0 robe (worn)
Jewellery
 g - a ring of protection from fire
Potions
 c - a potion of heal wounds
 h - a potion of curing


   Skills:
 - Level 1.7 Dodging
 - Level 1.7 Stealth
 - Level 1.7 Spellcasting
 + Level 4.5 Ice Magic


You had 3 spell levels left.
You knew the following spells:

 Your Spells              Type           Power      Damage    Failure   Level
a - Freeze                Ice            68%        1d8       3%          1

Your spell library contained the following spells:

 Spells                   Type           Power      Damage    Failure   Level
 Frozen Ramparts          Ice            34%        1d5       9%          3
 Ozocubu's Armour         Ice            17%        N/A       9%          3
 Hailstorm                Conj/Ice       9%         3d4       61%         4


Dungeon Overview and Level Annotations

Branches:
Dungeon (2/15)

Shops:
D:1 [


Innate Abilities, Weirdness & Mutations

You have an increased reservoir of magic. (+10% MP)
You shall have no god before yourself.
Your divine heritage dramatically boosts your attributes as you level up.


Message History

Found a club.
You see here a giant cockroach corpse.
h - a yellow potion You start resting.
HP restored.
You start resting.
Magic restored.
Found a stone staircase leading down.
There is a stone staircase leading down here.
Found an escape hatch in the ceiling.
A rat, a ball python and a worm come into view.
As you read the scroll labelled RUDOUW VI MEW, it crumbles to dust.
You hear a loud clanging noise!
It was a scroll of noise.
You hear an angry hiss.
As you read the scroll labelled KEH XOASU OTYU, it crumbles to dust.
It is a scroll of amnesia.
Really abort (and waste the scroll)?
Okay, then.
As you read the scroll labelled UNNIDU BUUS, it crumbles to dust.
It is a scroll of identify.
h - a potion of curing It was a potion of heal wounds.
You feel much better.
The ball python hisses angrily.
You freeze the worm.
The worm is lightly wounded.
The worm bites you!
Ouch! That really hurt!
* * * LOW HITPOINT WARNING * * *
You are too injured to fight recklessly!
You are too injured to fight recklessly!
You are too injured to fight recklessly!
Aiming: Freeze (safe; 3% risk of failure)
Press: ? - help, Q - select action Shift-Dir - straight line, f/p - worm
Aim: a worm (lightly wounded)
You freeze the worm.
The worm is moderately wounded.
The worm bites you!
Ouch! That really hurt!
You die...

##### ....# ....#
####################....#
........................#
#####........######.....###
#...........@wS........
#..#####.######.....###
#..# ###<# #...r.# #..#
#.#.# #.....# #..# #.#.#
#..S..# #..# #.#.# #.r...#
#..# #.#.# #.##### ##.#
#...# #.. #.###...#####


You could see a worm, a ball python and a rat.

Vanquished Creatures
  A dart slug (D:2)
  2 endoplasms (D:1)
  3 giant cockroaches
  3 goblins
  5 hobgoblins
  2 jackals (D:1)
  2 kobolds (D:1)
  3 ball pythons (D:1)
  3 frilled lizards
24 creatures vanquished.

Notes
Turn   | Place    | Note
-------+----------+-------------------------------------------
     0 | D:1      | pkoi the Demigod Ice Elementalist began the quest for the
                  | Orb.
     0 | D:1      | Reached XP level 1. HP: 14/14 MP: 5/5
   133 | D:1      | Found Hoinwi's Armour Shoppe.
   612 | D:1      | Reached skill level 4 in Ice Magic
   681 | D:1      | Reached XP level 2. HP: 20/20 MP: 5/7
  1460 | D:2      | Noticed a black bear
  1930 | D:2      | Slain by a worm

Illustrated notes

Levels and vault maps discovered:
D:1:      ebering_hopf_link, layout_rooms, serial_shops, shop
D:2:      layout_basic, kennysheep_generic_room_16

Skill      XL: |  1 |
---------------+----+-----
Ice Magic      | 4 |  4.5
Dodging        | |  1.7
Stealth        | |  1.7
Spellcasting   | |  1.7

Action                   || total
-------------------------++-------
Melee: Short sword       ||    27
 Cast: Freeze            ||    31
  Use: Scroll            ||     3
       Potion            ||     1
Armor: Robe              ||     2
Dodge: Dodged            ||    28
